 Dungeon Sprint DCSS version 0.22-a0-422-g9628fc87f1 (webtiles) character file.

2585 Ebeneezer the Basher (level 9, -7/118 HPs)
             Began as a Demonspawn Berserker on May 23, 2018.
             Was the Champion of Trog.
             Mangled by a spiny frog (14 damage)
             ... in the Dungeon (Sprint IX: "|||||||||||||||||||||||||||||").
             The game lasted 00:01:34 (803 turns).

Ebeneezer the Basher (Demonspawn Berserker)          Turns: 803, Time: 00:01:35

Health: -7/118     AC: 12    Str: 24    XL:     9   Next: 32%
Magic:  9/9        EV: 12    Int: 12    God:    Trog [******]
Gold:   14         SH:  0    Dex: 21    Spells: 8/8 levels left

rFire    . . .     SeeInvis .   r - +7 sceptre of Torment
rCold    + . .     Gourm    .   (no shield)
rNeg     . . .     Faith    .   o - +1 chain mail
rPois    .         Spirit   .   (no helmet)
rElec    .         Reflect  .   n - +0 cloak
rCorr    .         Harm     .   (no gloves)
MR       .....     NoTele   +   (no boots)
Stlth    ..........             (no amulet)
HPRegen  0.29/turn              p - +3 ring of dexterity
MPRegen  0.11/turn              q - +3 ring of intelligence

@: berserking, very quick
A: talons 1, thin skeletal structure 2, cold resistance 1
a: Berserk, Trog's Hand, Brothers in Arms, Renounce Religion


You were in the Dungeon.
You worshipped Trog.
Trog was exalted by your worship.
You were very hungry.

You visited 1 branch You collected 14 gold pieces.

Inventory:

Hand Weapons
 m - a +2 dire flail of crushing
 r - the +7 sceptre of Torment (weapon)
   (You found it in the Dungeon)
Armour
 n - a +0 cloak (worn)
 o - a +1 chain mail (worn)
Jewellery
 p - a +3 ring of dexterity (left hand)
 q - a +3 ring of intelligence (right hand)
Wands
 l - a wand of iceblast (10)
Scrolls
 i - 3 scrolls of blinking
 k - 4 scrolls of remove curse
 s - a scroll of magic mapping
 t - 2 scrolls of enchant armour
 u - 2 scrolls of identify
Potions
 a - a potion of mutation
 b - a potion of brilliance
 d - 6 potions of curing
 e - 5 potions of heal wounds
 f - a potion of haste
 g - 4 potions of magic
 h - 2 potions of berserk rage
 j - a potion of invisibility
Comestibles
 c - a ration


   Skills:
 + Level 10.4 Fighting
 + Level 13.7 Maces & Flails
 + Level 5.6 Armour
 + Level 5.4 Dodging
 * Level 8.6 Stealth


You had 8 spell levels left.
You didn't know any spells.
Your spell library was empty.

Dungeon Overview and Level Annotations

Branches:
Dungeon (1/1)

Altars:
Cheibriados
Dithmenos
Elyvilon
Fedhas
Gozag
Hepliaklqana
Kikubaaqudgha
Makhleb
Nemelex Xobeh
Okawaru
Qazlal
Ru
Sif Muna
Trog
Uskayaw
Vehumet
Wu Jian
Xom
Yredelemnul
Zin
The Shining One
Beogh
Jiyva
Lugonu


Innate Abilities, Weirdness & Mutations

You have sharp toenails.
You have a moderately thin skeletal structure. (Dex +4, Stealth+)
Your flesh is cold resistant. (rC+)


Message History

Your Fighting skill increases to level 10!
Your Armour skill increases to level 5!
Your Stealth skill increases to level 8!
You have reached level 9!
Your experience leads to an increase in your attributes!
Your base attributes are Str 18, Int 9, Dex 18.
Increase (S)trength, (I)ntelligence, or (D)exterity?
You feel stronger.
You sock the water moccasin!
You feel the power of Trog in you as your rage grows.
You kill the water moccasin!
Trog accepts your kill.
A water moccasin comes into view.
The water moccasin hisses angrily.
You sock the spiny frog!
Your body is wracked with pain!
* * * LOW HITPOINT WARNING * * *
The spiny frog convulses!
The bullfrog convulses!
The water moccasin convulses!
The spiny frog is almost dead.
The spiny frog stings you!
You die...

▓▓▓▓▓▓▓▓▓▓▓▓▓▓▓▓▓▓▓▓▓▓▓▓▓▓▓▓▓▓▓▓▓
______________________'....)'....
▓▓▓▓▓▓▓▓▓▓▓▓▓▓▓▓▓▓▓▓▓▓▓▓▓▓▓▓▓▓▓▓▓
.................................
▓▓▓▓▓▓▓▓▓▓▓▓▓▓▓▓▓▓▓▓▓▓▓▓▓▓▓▓▓▓▓▓▓
S....FF@).............'.
▓▓▓▓▓▓▓▓▓▓▓▓▓▓▓▓▓▓▓▓▓▓▓▓


You could see a spiny frog, a water moccasin and a bullfrog.

Vanquished Creatures
  A hydra (D)
  A cyclops (D)
  A spiny frog (D)
  A wraith (D)
  2 water moccasins (D)
  2 orc warriors (D)
  A phantom (D)
  A wolf (D)
  An ogre (D)
  A centaur (D)
  A crocodile (D)
  A bullfrog (D)
  2 big kobolds (D)
  A crimson imp (D)
  A jelly (D)
  A worker ant (D)
  A gnoll (D)
  An adder zombie (D)
  An orc (D)
  A ball python (D)
  A bat (D)
  A giant cockroach (D)
  A goblin (D)
  A hobgoblin (D)
  A quokka (D)
28 creatures vanquished.

Notes
Turn   | Place    | Note
-------+----------+-------------------------------------------
     0 | D        | Ebeneezer the Demonspawn Berserker began the quest for the Orb.
     0 | D        | Reached XP level 1. HP: 18/18 MP: 1/1
     8 | D        | Reached skill level 3 in Maces & Flails
    19 | D        | Reached ** piety under Trog
    19 | D        | Reached skill level 4 in Maces & Flails
   266 | D        | Noticed an ogre
   266 | D        | Noticed a crimson imp
   269 | D        | Gained mutation: You have a somewhat thin skeletal structure. (Dex +2, Stealth) [demonic ancestry]
   269 | D        | Reached XP level 2. HP: 24/24 MP: 2/2
   272 | D        | Reached *** piety under Trog
   272 | D        | Reached skill level 5 in Maces & Flails
   277 | D        | Killed an ogre
   277 | D        | Reached skill level 8 in Maces & Flails
   277 | D        | Reached XP level 3. HP: 29/29 MP: 3/3
   277 | D        | Gained mutation: You have sharp toenails. [demonic ancestry]
   277 | D        | Reached XP level 4. HP: 35/35 MP: 4/4
   281 | D        | Reached skill level 9 in Maces & Flails
   324 | D        | Found a roughly hewn altar of Beogh.
   324 | D        | Found a snail-covered altar of Cheibriados.
   324 | D        | Found a shadowy altar of Dithmenos.
   324 | D        | Found a white marble altar of Elyvilon.
   324 | D        | Found a blossoming altar of Fedhas.
   324 | D        | Found an opulent altar of Gozag.
   325 | D        | Found a hazy altar of Hepliaklqana.
   326 | D        | Found a viscous altar of Jiyva.
   327 | D        | Found an ancient bone altar of Kikubaaqudgha.
   328 | D        | Found a corrupted altar of Lugonu.
   329 | D        | Found a burning altar of Makhleb.
   330 | D        | Found a sparkling altar of Nemelex Xobeh.
   331 | D        | Found an iron altar of Okawaru.
   332 | D        | Found a stormy altar of Qazlal.
   333 | D        | Found a sacrificial altar of Ru.
   334 | D        | Found a deep blue altar of Sif Muna.
   335 | D        | Found a bloodstained altar of Trog.
   336 | D        | Found a hide-covered altar of Uskayaw.
   337 | D        | Found a radiant altar of Vehumet.
   338 | D        | Found an ornate altar of the Wu Jian Council.
   339 | D        | Found a shimmering altar of Xom.
   340 | D        | Found a basalt altar of Yredelemnul.
   341 | D        | Found a glowing silver altar of Zin.
   342 | D        | Found a glowing golden altar of the Shining One.
   389 | D        | Noticed a phantom
   389 | D        | Noticed a big kobold
   389 | D        | Noticed an orc warrior
   389 | D        | Noticed a wraith
   389 | D        | Noticed a centaur
   392 | D        | Killed a centaur
   392 | D        | Reached **** piety under Trog
   392 | D        | Reached skill level 10 in Maces & Flails
   392 | D        | Reached XP level 5. HP: 42/42 MP: 5/5
   395 | D        | Killed a wraith
   395 | D        | Reached skill level 5 in Fighting
   395 | D        | Reached XP level 6. HP: 52/52 MP: 6/6
   407 | D        | Killed an orc warrior
   407 | D        | Reached skill level 11 in Maces & Flails
   410 | D        | Reached ***** piety under Trog
   410 | D        | Gained mutation: Your flesh is cold resistant. (rC+) [demonic ancestry]
   410 | D        | Reached XP level 7. HP: 54/59 MP: 7/7
   425 | D        | Reached skill level 5 in Stealth
   498 | D        | Noticed a cyclops
   506 | D        | Reached skill level 12 in Maces & Flails
   511 | D        | Killed a cyclops
   511 | D        | Gained mutation: You have a moderately thin skeletal structure. (Dex +4, Stealth+) [demonic ancestry]
   511 | D        | Reached XP level 8. HP: 68/69 MP: 8/8
   763 | D        | Found the +7 sceptre of Torment
   790 | D        | Noticed a spiny frog
   791 | D        | Noticed a seven-headed hydra
   793 | D        | Killed a spiny frog
   795 | D        | Noticed a spiny frog
   796 | D        | Reached ****** piety under Trog
   796 | D        | Received a gift from Trog
   798 | D        | Reached skill level 13 in Maces & Flails
   798 | D        | Reached skill level 5 in Dodging
   800 | D        | Killed a seven-headed hydra
   800 | D        | Reached skill level 10 in Fighting
   800 | D        | Reached skill level 5 in Armour
   800 | D        | Reached XP level 9. HP: 11/79 MP: 9/9
   803 | D        | Mangled by a spiny frog

Vault maps used:
D:        linesprint

Skill      XL: |  1  2  3  4  5  6  7  8 |
---------------+-------------------------+-----
Maces & Flails | 4 8 10 11 12 13 | 13.7
Fighting       | 4 5 6 8 10 | 10.4
Armour         | 2 3 4 5 |  5.6
Dodging        | 2 3 4 5 |  5.4
Stealth        | 2 3 4 6 8 |  8.6

Action                   |  1- 3 |  4- 6 |  7- 9 || total
-------------------------+-------+-------+-------++-------
Melee: Mace              |    34 |     3 |       ||    37
       Dire flail        |       |    16 |    21 ||    37
       Kick              |       |     6 |     8 ||    14
       Staff             |       |       |     9 ||     9
Invok: Berserk           |     1 |     1 |     2 ||     4
  Eat: Chunk             |       |       |     2 ||     2
Armor: Animal skin       |     7 |       |       ||     7
       Chain mail        |       |     6 |     3 ||     9
Dodge: Dodged            |    24 |     5 |     4 ||    33

Table legend:
 A = Spawn XP
 B = Non-spawn XP
 C = Spawn XP percentage of total XP
 D = Spawn monster count
 E = Non-spawn monster count
 F = Spawn count percentage of total count
 G = Total turns spent on level
                    A         B        C        D         E        F      G
               +---------+---------+-------+---------+---------+-------+---------
         Total |       0 |    3693 |   0.0 |       0 |      28 |   0.0 |   803
               +---------+---------+-------+---------+---------+-------+---------
             D |       0 |    3693 |   0.0 |       0 |      28 |   0.0 |   803
               +---------+---------+-------+---------+---------+-------+---------
